 Dungeon Crawl Stone Soup version 0.31-a0-152-g6aa68a64a1 (webtiles) character file.

Game seed: 18332076857668796664

88988 qw the Severer (level 15, -11/98 HPs)
             Began as a Gargoyle Fighter on June 11, 2023.
             Was a High Priest of Okawaru.
             Mangled by an orc warrior
             ... wielding a +0 halberd
              (19 damage)
             ... on level 2 of the Orcish Mines.
             The game lasted 00:10:36 (23767 turns).

qw the Severer (Gargoyle Fighter)                  Turns: 23767, Time: 00:10:37

Health: -11/98     AC: 34    Str: 27    XL:     15   Next: 95%
Magic:  22/22      EV: 11    Int:  9    God:    Okawaru [*****.]
Gold:   1234       SH:  7    Dex:  9    Spells: 14/14 levels left

rFire   . . .        Y - +2 broad axe (heavy)
rCold   + . .        c - +0 buckler
rNeg    + . .        p - +2 chain mail {rC+}
rPois   inf          (helmet restricted)
rElec   +            a - scarf {repulsion}
rCorr   .            h - +2 pair of gloves
SInv    +            g - +2 pair of boots
Will    +....        (no amulet) Stlth
                     w - ring of see invisible
HPRegen 0.36/turn    n - +4 ring of slaying {mikee}
MPRegen 0.18/turn

%: repel missiles
@: heroic, flying
A: sickness immunity, AC +11, big wings, negative energy resistance 1,
electricity resistance, torment resistance 1, petrification resistance, antennae
2, hooves 1
a: Renounce Religion, Heroism, Finesse, Duel


You were on level 2 of the Orcish Mines.
You worshipped Okawaru.
Okawaru was extremely pleased with you.
You visited 4 branches of the dungeon, and saw 23 of its levels.

You collected 2293 gold pieces.
You spent 1059 gold pieces at shops.


Innate Abilities, Weirdness & Mutations

You are immune to sickness and miasma.
Your stone body is resilient. (AC +11)
You are immune to poison.
Your large and strong wings let you fly.
You resist negative energy. (rN+)
You are resistant to electric shocks. (rElec)
You are resistant to unholy torment.
You are immune to petrification.
You have a pair of antennae on your head.
You have large cloven feet.


   Skills:
 - Level 13.0(18.0) Fighting
 - Level 18.0(23.0) Axes
 - Level 7.0(12.0) Throwing
 - Level 10.0(15.0) Armour
 - Level 3.2(8.2) Dodging
 + Level 8.7(13.7) Shields
 - Level 10.0 Invocations


You had 14 spell levels left.
You didn't know any spells.
Your spell library was empty.

Inventory:

Hand Weapons
 t - a +1 war axe of flaming
 Y - a +2 heavy broad axe (weapon)
Missiles
 i - 5 javelins
 l - 7 boomerangs (quivered)
Armour
 a - a scarf of repulsion (worn)
 c - a +0 buckler (worn)
 g - a +2 pair of boots (worn)
 h - a +2 pair of gloves (worn)
 o - a +1 cloak of poison resistance
 p - a +2 chain mail of cold resistance (worn)
 s - +1 acid dragon scales
 x - a +0 plate armour of positive energy
Jewellery
 n - a +4 ring of slaying (right hand) {mikee}
 w - a ring of see invisible (left hand)
 y - a ring of protection from cold
Scrolls
 j - 7 scrolls of identify
 z - a scroll of enchant armour
Potions
 b - a potion of magic
 d - 4 potions of might
 e - 3 potions of lignification
 k - 2 potions of cancellation
 m - 3 potions of mutation
 q - 4 potions of curing
 r - 4 potions of haste
 u - 3 potions of attraction
 v - a potion of resistance

Dungeon Overview and Level Annotations

Branches:
Dungeon (15/15)            Temple (1/1) D:5            Lair (5/5) D:8
  Swamp (0/4) Lair:2        Snake (0/4) Lair:2        Slime (0/5) Lair:4
    Orc (2/2) D:12         Vaults (0/5) D:13         Depths (0/4) D:15
    Elf: Orc:2

Altars:
Ashenzari
Cheibriados
Dithmenos
Elyvilon
Fedhas
Gozag
Hepliaklqana
Kikubaaqudgha
Makhleb
Nemelex Xobeh
Okawaru
Qazlal
Ru
Sif Muna
Trog
Uskayaw
Vehumet
Wu Jian
Xom
Yredelemnul
Zin
The Shining One
Jiyva

Shops:
D:1 *   D:7 :   D:10 !   D:11 [   D:12 [(

Portals:
Hell: Lair:5

Annotations:
Lair:1 1 runed translucent door


Message History

You hit the orc wizard but do no damage.
You slash the orc!
You kill the orc!
You hit the orc warrior. The orc knight closely misses you.
The orc warrior hits you but does no damage.
The orc wizard hits you but does no damage.
The orc warrior hits you from afar with a +0 halberd!
You block the orc warrior's attack.
You completely miss the orc warrior.
The orc warrior is lightly wounded.
You barely miss the orc wizard. You slice the orc!!
You kill the orc!
The orc warrior hits you with a +0 dire flail!!
The orc knight closely misses you. You block the orc wizard's attack.
You block the orc warrior's attack. The orc warrior closely misses you.
23766 ||| DRINKING potion of heal wounds.
You feel much better.
The orc warrior hits you with a +0 dire flail.
You block the orc knight's attack. The orc wizard misses you.
The orc warrior hits you but does no damage.
The two-headed ogre hits you with a +0 dire flail.
The two-headed ogre hits you with a +0 giant club!
You block the orc warrior's attack.
You barely miss the orc warrior.
The orc warrior is lightly wounded.
You dice the two-headed ogre like an onion!!!
You kill the two-headed ogre!
Okawaru accepts your kill.
You slice the ogre!! You hit the orc wizard.
You hear a shout!
The orc knight hits you but does no damage.
You block the orc warrior's attack. The orc wizard barely misses you.
The orc warrior barely misses you. The ogre hits you but does no damage.
The orc warrior hits you but does no damage.
A troll comes into view.
The orc knight barely misses you. The orc wizard closely misses you.
You block the orc warrior's attack.
The orc warrior hits you from afar with a +0 halberd!!
You die...

....... .......
........#.......
................
................
.....$..........
................
.........o......
.....o))O$......
......o@o.$.....
......o)).......
....oo.o......#.
..............#
.............##
...#...........
T.##.....#.....
.. ##...###..#.


You could see an orc knight, a troll, 3 orc warriors, an ogre, 2 orc wizards and
2 orcs.

Vanquished Creatures
  Kirke (Lair:2)
  A very ugly thing (D:15)
  Josephine (D:13)
  Fannar (Lair:1)
  Harold (D:9)
  A great orb of eyes (D:15)
  4 vault guards (D:13)
  A rakshasa (D:15)
  2 ogre magi (D:13)
  11 hydras
  7 death yaks
  4 boulder beetles
  3 centaur warriors
  6 two-headed ogres
  Urug (D:13)
  An orc high priest (Orc:2)
  A sun demon (Lair:5)
  A skyshark (Lair:5)
  4 skeletal warriors (D:15)
  Lodul (D:10)
  A wizard (Lair:5)
  Pikel (D:8)
  4 ugly things
  4 cyclopes
  2 deep elf pyromancers
  An oklob plant (Lair:2)
  2 manticores
  7 black mambas
  Joseph (D:8)
  16 elephants
  Maurice (D:12)
  3 orange demons (Lair:5)
  15 cane toads
  3 gargoyles
  2 torpor snails
  2 unseen horrors
  6 rime drakes
  A yaktaur (D:13)
  Psyche (D:11)
  Maggie (D:7)
  14 komodo dragons
  A kobold demonologist (D:13)
  A tengu conjurer (D:15)
  2 ice devils (Lair:5)
  5 trolls
  A hellwing (Lair:5)
  A meliai (shapeshifter) (D:14)
  2 polar bears (Lair:5)
  A wolf spider simulacrum (D:15)
  A dream sheep (shapeshifter) (D:15)
  10 blink frogs
  6 dream sheep (Lair:5)
  9 slime creatures
  A shadow (D:10)
  A vampire (D:10)
  Sigmund (D:6)
  7 wraiths
  2 humans
  50 yaks
  3 fire bats (Lair:2)
  4 wyverns
  2 basilisks
  2 steam dragons
  3 hogs (Lair:3)
  10 vampire mosquitoes
  2 nagas (Lair:2)
  A warg (Orc:1)
  3 swamp worms (Lair:2)
  4 acid dragons
  14 water moccasins
  4 hell hounds (Lair:5)
  Duvessa (D:6)
  12 orc warriors
  An ice beast (D:6)
  3 sky beasts
  A black bear (Lair:3)
  21 wolves
  11 ogres
  9 centaurs
  A lemure (D:8)
  3 kobold brigands
  9 bullfrogs
  2 scorpions
  Dowan (D:6)
  9 killer bees
  3 howler monkeys
  A crimson imp (D:6)
  2 hounds (D:5)
  2 jellies
  7 orc priests
  2 gnoll boudas
  5 iguanas
  13 orc wizards
  2 sleepcaps
  10 gnolls
  9 adders
  2 shadow imps
  3 white imps
  An ufetubus (D:5)
  2 worms
  7 dart slugs
  45 orcs
  4 bats
  7 endoplasms
  8 hobgoblins
  3 jackals (D:1)
  19 kobolds
  5 quokkas
  6 ball pythons
  3 frilled lizards
  5 goblins
  6 rats
561 creatures vanquished.

Vanquished Creatures (others)
  A vampire mosquito (D:10)
1 creature vanquished.

Grand Total: 562 creatures vanquished

Notes
Turn   | Place    | Note
-------+----------+-------------------------------------------
     0 | D:1      | qw the Gargoyle Fighter began the quest for the Orb.
     0 | D:1      | Reached XP level 1. HP: 14/14 MP: 1/1
     0 | D:1      | 0 ||| qw: Version: 0.2-a-29-g7dc7884
     0 | D:1      | 0 ||| qw: Game counter: 4039
     0 | D:1      | 0 ||| qw: Always use a shield: true
     0 | D:1      | 0 ||| qw: God list: Okawaru
     0 | D:1      | 0 ||| qw: Allow faded altars: false
     0 | D:1      | 0 ||| qw: Do Orc after D:15 true
     0 | D:1      | 0 ||| qw: Do second Lair branch before Depths: true
     0 | D:1      | 0 ||| qw: Lair rune preference: random
     0 | D:1      | 0 ||| qw: Plans: Normal, Zot:1-4, Slime:5, God:TSO, Crypt,
                  | Tomb, Abyss, Pan, Hells, Win
     0 | D:1      | 0 ||| PLANNING D:1-11
    31 | D:1      | Found Xif Nimp's General Store.
    34 | D:1      | 34 ||| SHOPLISTING +0 whip (35 gold, have 0).
    34 | D:1      | 34 ||| SHOPLISTING +3 pair of mountain boots {steadfast,
                  | rC+} (469 gold, have 0).
    34 | D:1      | 34 ||| SHOPLISTING potion of curing (42 gold, have 0).
    34 | D:1      | 34 ||| SHOPLISTING scroll of identify (28 gold, have 0).
    34 | D:1      | 34 ||| SHOPLISTING scroll of teleportation (42 gold, have
                  | 0).
   190 | D:1      | Reached skill level 2 in Axes
   225 | D:1      | Reached XP level 2. HP: 11/19 MP: 2/2
   452 | D:1      | 452 ||| DROPPING +0 club.
   469 | D:1      | 469 ||| Stepping ~*~*~tactically~*~*~ (stealth).
   473 | D:1      | Reached skill level 3 in Axes
   475 | D:1      | Reached XP level 3. HP: 23/23 MP: 3/3
   549 | D:1      | 549 ||| Stepping ~*~*~tactically~*~*~ (hiding).
   857 | D:1      | 857 ||| Stepping ~*~*~tactically~*~*~ (hiding).
   859 | D:1      | 859 ||| Stepping ~*~*~tactically~*~*~ (hiding).
   987 | D:1      | 987 ||| Stepping ~*~*~tactically~*~*~ (stealth).
  1112 | D:1      | 1112 ||| UPGRADING to ring of protection from cold.
  1113 | D:1      | 1113 ||| READING scroll labelled FEOCEE CU RURI.
  1114 | D:1      | 1114 ||| READING scroll labelled ZYOMAQ OSHRI EMUHU.
  1159 | D:2      | 1159 ||| DROPPING +0 whip.
  1171 | D:2      | 1171 ||| Stepping ~*~*~tactically~*~*~ (stealth).
  1244 | D:2      | 1244 ||| Stepping ~*~*~tactically~*~*~ (hiding).
  1388 | D:2      | Reached XP level 4. HP: 19/28 MP: 4/4
  1538 | D:2      | Reached skill level 4 in Axes
  1579 | D:2      | 1579 ||| Stepping ~*~*~tactically~*~*~ (hiding).
  1610 | D:2      | Found a faded altar of an unknown god.
  1654 | D:2      | 1654 ||| Stepping ~*~*~tactically~*~*~ (hiding).
  1925 | D:2      | 1925 ||| UPGRADING to +0 pair of gloves.
  1930 | D:2      | 1930 ||| READING scroll labelled JERPHA LOPA.
  1931 | D:2      | 1931 ||| READING 3 scrolls labelled NUPIPT KAIVOTRI.
  1932 | D:2      | 1932 ||| READING 2 scrolls labelled XATIOPP NUAPECK.
  1933 | D:2      | 1933 ||| READING 2 scrolls of identify.
  1933 | D:2      | 1933 ||| IDENTIFYING sedimented white potion
  1934 | D:2      | 1934 ||| DROPPING scroll of blinking.
  2028 | D:3      | 2028 ||| DROPPING +0 mace.
  2029 | D:3      | 2029 ||| DROPPING +0 flail.
  2118 | D:3      | Identified the +0 chain mail "Gaumymul" {Fly rElec rC- rN+}
  2240 | D:3      | Reached XP level 5. HP: 32/32 MP: 5/5
  2431 | D:3      | 2431 ||| UPGRADING to +0 pair of boots.
  2436 | D:3      | 2436 ||| UPGRADING to +0 chain mail "Gaumymul" {Fly rElec
                  | rC- rN+}.
  2446 | D:3      | 2446 ||| READING scroll labelled ICESIM XISTRYUD.
  2447 | D:3      | 2447 ||| READING 3 scrolls of identify.
  2447 | D:3      | 2447 ||| IDENTIFYING pink potion
  2448 | D:3      | 2448 ||| READING 2 scrolls of identify.
  2448 | D:3      | 2448 ||| IDENTIFYING smoky cyan potion
  2449 | D:3      | 2449 ||| DROPPING potion of ambrosia.
  2530 | D:4      | Reached skill level 5 in Axes
  2716 | D:4      | Reached XP level 6. HP: 37/38 MP: 6/6
  2761 | D:4      | 2761 ||| Stepping ~*~*~tactically~*~*~ (hiding).
  2763 | D:4      | 2763 ||| Stepping ~*~*~tactically~*~*~ (hiding).
  2764 | D:4      | 2764 ||| Stepping ~*~*~tactically~*~*~ (hiding).
  2765 | D:4      | 2765 ||| Stepping ~*~*~tactically~*~*~ (hiding).
  2767 | D:4      | 2767 ||| Stepping ~*~*~tactically~*~*~ (hiding).
  3077 | D:4      | 3077 ||| Stepping ~*~*~tactically~*~*~ (hiding).
  3285 | D:4      | 3285 ||| Stepping ~*~*~tactically~*~*~ (hiding).
  3290 | D:4      | 3290 ||| Stepping ~*~*~tactically~*~*~ (hiding).
  3375 | D:4      | HP: 6/38 [gnoll/+0 spear (7)]
  3376 | D:4      | 3376 ||| READING scroll of teleportation.
  3557 | D:4      | 3557 ||| Stepping ~*~*~tactically~*~*~ (stealth).
  3573 | D:4      | HP: 6/38 [gnoll/+0 spear (4)]
  3992 | D:4      | 3992 ||| READING scroll labelled SOICEN SOPS.
  3993 | D:4      | 3993 ||| READING 2 scrolls of identify.
  3993 | D:4      | 3993 ||| IDENTIFYING amethyst potion
  3994 | D:4      | 3994 ||| DROPPING potion of brilliance.
  4018 | D:5      | Entered Level 5 of the Dungeon
  4026 | D:5      | 4026 ||| DRINKING potion of curing.
  4026 | D:5      | 4026 ||| (to cure confusion)
  4062 | D:5      | Found a shimmering altar of Xom.
  4158 | D:5      | Reached skill level 6 in Axes
  4236 | D:5      | Reached skill level 1 in Dodging
  4236 | D:5      | Reached XP level 7. HP: 42/43 MP: 7/7
  4412 | D:5      | Found a staircase to the Ecumenical Temple.
  4413 | D:5      | 4413 ||| PLANNING TEMPLE
  4413 | D:5      | 4413 ||| UPGRADING to +0 helmet.
  4418 | D:5      | 4418 ||| READING scroll labelled EKHAISTR LISY.
  4419 | D:5      | 4419 ||| READING 2 scrolls of identify.
  4419 | D:5      | 4419 ||| IDENTIFYING glowing clear potion
  4420 | D:5      | 4420 ||| DROPPING potion of degeneration.
  4431 | Temple   | Entered the Ecumenical Temple
  4553 | Temple   | 4553 ||| PLANNING OKAWARU WORSHIP
  4562 | Temple   | Became a worshipper of Warmaster Okawaru
  4562 | Temple   | 4562 ||| PLANNING D:1-11
  4664 | D:5      | 4664 ||| Stepping ~*~*~tactically~*~*~ (hiding).
  4673 | D:5      | Reached skill level 7 in Axes
  4950 | D:5      | 4950 ||| Stepping ~*~*~tactically~*~*~ (stealth).
  4952 | D:5      | 4952 ||| Stepping ~*~*~tactically~*~*~ (hiding).
  4958 | D:5      | 4958 ||| DRINKING potion of curing.
  4958 | D:5      | 4958 ||| (to cure confusion)
  5103 | D:5      | Found a blossoming altar of Fedhas.
  5103 | D:5      | Found a bloodstained altar of Trog.
  5261 | D:5      | 5261 ||| DROPPING +0 scale mail.
  5262 | D:5      | 5262 ||| DRINKING 2 fizzy blue potions.
  5310 | D:6      | 5310 ||| STAIRDANCE
  5363 | D:6      | Noticed Sigmund
  5364 | D:6      | 5364 ||| Stepping ~*~*~tactically~*~*~ (hiding).
  5374 | D:6      | Killed Sigmund
  5375 | D:6      | Reached XP level 8. HP: 47/49 MP: 8/8
  5684 | D:6      | Reached * piety under Okawaru
  5695 | D:6      | 5695 ||| INVOKING Heroism.
  5698 | D:6      | HP: 8/49 [ice beast (14)]
  5924 | D:6      | Reached skill level 8 in Axes
  5924 | D:6      | Reached skill level 1 in Invocations
  5936 | D:6      | 5936 ||| Stepping ~*~*~tactically~*~*~ (hiding).
  6067 | D:6      | Noticed Duvessa
  6068 | D:6      | 6068 ||| INVOKING Heroism.
  6068 | D:6      | Noticed Dowan
  6069 | D:6      | 6069 ||| Stepping ~*~*~tactically~*~*~ (hiding).
  6078 | D:6      | Killed Duvessa
  6084 | D:6      | 6084 ||| INVOKING Heroism.
  6086 | D:6      | Killed Dowan
  6093 | D:6      | Reached skill level 3 in Invocations
  6485 | D:6      | 6485 ||| READING scroll labelled VAYGHOTZYU.
  6586 | D:6      | 6586 ||| READING scroll labelled HEIKUM YSUKKU.
  6587 | D:6      | 6587 ||| READING 2 scrolls of identify.
  6587 | D:6      | 6587 ||| IDENTIFYING fizzy coppery potion
  6662 | D:7      | 6662 ||| PLANNING OSSUARY
  6706 | D:7      | Reached skill level 6 in Fighting
  6706 | D:7      | Reached XP level 9. HP: 50/55 MP: 11/11
  6756 | D:7      | 6756 ||| READING scroll of enchant armour.
  6756 | D:7      | 6756 ||| ENCHANTING +0 pair of gloves.
  6772 | D:7      | 6772 ||| INVOKING Heroism.
  6961 | D:7      | 6961 ||| READING scroll of enchant armour.
  6961 | D:7      | 6961 ||| ENCHANTING +1 pair of gloves.
  7021 | D:7      | Noticed Maggie
  7022 | D:7      | 7022 ||| Stepping ~*~*~tactically~*~*~ (hiding).
  7039 | D:7      | 7039 ||| INVOKING Heroism.
  7047 | D:7      | Killed Maggie
  7048 | D:7      | Reached skill level 9 in Axes
  7132 | D:7      | Found a burning altar of Makhleb.
  7132 | D:7      | Noticed a cacodemon
  7135 | D:7      | Noticed a smoke demon
  7135 | D:7      | Noticed an orange demon
  7279 | D:7      | Found Umniuw's Book Shop.
  7305 | D:7      | 7305 ||| Stepping ~*~*~tactically~*~*~ (cloud).
  7308 | D:7      | 7308 ||| INVOKING Heroism.
  7309 | D:7      | 7309 ||| RIP OSSUARY
  7310 | D:7      | 7310 ||| PLANNING D:1-11
  7401 | D:7      | 7401 ||| Stepping ~*~*~tactically~*~*~ (hiding).
  7407 | D:7      | 7407 ||| INVOKING Heroism.
  7450 | D:7      | 7450 ||| INVOKING Heroism.
  7453 | D:7      | 7453 ||| Stepping ~*~*~tactically~*~*~ (hiding).
  7649 | D:7      | 7649 ||| UPGRADING to +4 ring of slaying {mikee}.
  7650 | D:7      | 7650 ||| READING scroll labelled HOAFAG ZIDERGHY.
  7651 | D:7      | 7651 ||| DRINKING 2 gluggy clear potions.
  7651 | D:7      | Gained mutation: You have a pair of small antennae on your
                  | head. [potion of mutation]
  7651 | D:7      | Gained mutation: You have a pair of antennae on your head.
                  | [potion of mutation]
  7651 | D:7      | Gained mutation: Your large and strong wings let you fly.
                  | [potion of mutation]
  7651 | D:7      | Gained mutation: You have large cloven feet. [potion of
                  | mutation]
  7652 | D:7      | 7652 ||| DROPPING +0 helmet.
  7653 | D:7      | 7653 ||| READING 2 scrolls of identify.
  7653 | D:7      | 7653 ||| IDENTIFYING white potion
  7654 | D:7      | 7654 ||| DROPPING potion of enlightenment.
  7681 | D:8      | 7681 ||| STAIRDANCE
  7733 | D:8      | Found a snail-covered altar of Cheibriados.
  7740 | D:8      | Noticed Joseph
  7741 | D:8      | 7741 ||| Stepping ~*~*~tactically~*~*~ (stealth).
  7743 | D:8      | 7743 ||| Stepping ~*~*~tactically~*~*~ (hiding).
  7756 | D:8      | 7756 ||| INVOKING Heroism.
  7759 | D:8      | Killed Joseph
  7760 | D:8      | Reached skill level 3 in Throwing
  7836 | D:8      | 7836 ||| Stepping ~*~*~tactically~*~*~ (stealth).
  7838 | D:8      | 7838 ||| INVOKING Heroism.
  7845 | D:8      | Reached XP level 10. HP: 63/63 MP: 11/13
  7981 | D:8      | 7981 ||| Stepping ~*~*~tactically~*~*~ (stealth).
  7982 | D:8      | 7982 ||| Stepping ~*~*~tactically~*~*~ (stealth).
  7984 | D:8      | 7984 ||| Stepping ~*~*~tactically~*~*~ (hiding).
  8031 | D:8      | Noticed Pikel
  8040 | D:8      | 8040 ||| INVOKING Heroism.
  8042 | D:8      | Killed Pikel
  8043 | D:8      | Reached skill level 10 in Axes
  8123 | D:8      | 8123 ||| Stepping ~*~*~tactically~*~*~ (hiding).
  8125 | D:8      | 8125 ||| Stepping ~*~*~tactically~*~*~ (hiding).
  8131 | D:8      | 8131 ||| INVOKING Heroism.
  8430 | D:8      | Found a staircase to the Lair.
  8439 | D:8      | 8439 ||| INVOKING Heroism.
  8441 | D:8      | Reached ** piety under Okawaru
  8570 | D:8      | 8570 ||| PLANNING LAIR
  8570 | D:8      | 8570 ||| UPGRADING to scarf of repulsion.
  8592 | D:8      | 8592 ||| INVOKING Heroism.
  8652 | Lair:1   | Entered Level 1 of the Lair of Beasts
  8721 | Lair:1   | 8721 ||| Stepping ~*~*~tactically~*~*~ (stealth).
  8727 | Lair:1   | 8727 ||| INVOKING Heroism.
  8852 | Lair:1   | 8852 ||| Stepping ~*~*~tactically~*~*~ (stealth).
  8866 | Lair:1   | Reached skill level 11 in Axes
  8917 | Lair:1   | Noticed a cane toad
  8918 | Lair:1   | 8918 ||| INVOKING Heroism.
  8922 | Lair:1   | Noticed a cane toad
  8926 | Lair:1   | Killed a cane toad
  8926 | Lair:1   | Reached *** piety under Okawaru
  8927 | Lair:1   | Reached skill level 6 in Armour
  8931 | Lair:1   | HP: 11/64 [cane toad (7)]
  8932 | Lair:1   | 8932 ||| READING 2 scrolls of teleportation.
  8933 | Lair:1   | Killed a cane toad
  9111 | Lair:1   | Noticed a four-headed hydra
  9112 | Lair:1   | 9112 ||| INVOKING Heroism.
  9116 | Lair:1   | 9116 ||| SWAPPING to +2 flail of protection.
  9122 | Lair:1   | Killed a four-headed hydra
  9123 | Lair:1   | Reached skill level 9 in Fighting
  9123 | Lair:1   | Reached XP level 11. HP: 52/71 MP: 12/14
  9123 | Lair:1   | 9123 ||| SWAPPING to +1 heavy war axe.
  9198 | Lair:1   | Found a runed translucent door.
  9236 | Lair:1   | 9236 ||| DROPPING +2 flail of protection.
  9281 | Lair:1   | 9281 ||| INVOKING Heroism.
  9446 | Lair:1   | Noticed Fannar
  9449 | Lair:1   | 9449 ||| Stepping ~*~*~tactically~*~*~ (hiding).
  9452 | Lair:1   | Reached **** piety under Okawaru
  9456 | Lair:1   | 9456 ||| INVOKING Heroism.
  9463 | Lair:1   | HP: 16/71 [Fannar/staff of cold (15)]
  9464 | Lair:1   | 9464 ||| READING scroll of teleportation.
  9465 | Lair:1   | HP: 2/71 [Fannar/staff of cold (14)]
  9466 | Lair:1   | Killed Fannar
  9728 | Lair:1   | 9728 ||| INVOKING Heroism.
  9751 | Lair:1   | 9751 ||| INVOKING Heroism.
  9759 | Lair:1   | Reached skill level 12 in Axes
  9974 | Lair:1   | Noticed a phantasmal warrior
  9975 | Lair:1   | 9975 ||| READING scroll labelled YRASAU YJISA.
  9976 | Lair:1   | 9976 ||| READING 2 scrolls of identify.
  9976 | Lair:1   | 9976 ||| IDENTIFYING cyan potion
 10005 | Lair:2   | Noticed a seven-headed hydra
 10006 | Lair:2   | 10006 ||| INVOKING Heroism.
 10012 | Lair:2   | 10012 ||| SWAPPING to +1 war axe of flaming.
 10014 | Lair:2   | Killed a five-headed hydra
 10015 | Lair:2   | Reached skill level 6 in Shields
 10015 | Lair:2   | 10015 ||| SWAPPING to +1 heavy war axe.
 10043 | Lair:2   | 10043 ||| Stepping ~*~*~tactically~*~*~ (hiding).
 10053 | Lair:2   | Found a staircase to the Snake Pit.
 10059 | Lair:2   | 10059 ||| Stepping ~*~*~tactically~*~*~ (hiding).
 10086 | Lair:2   | 10086 ||| FLEEEEING.
 10087 | Lair:2   | 10087 ||| INVOKING Heroism.
 10100 | Lair:2   | Noticed a five-headed hydra
 10101 | Lair:2   | Reached skill level 6 in Invocations
 10101 | Lair:2   | 10101 ||| Stepping ~*~*~tactically~*~*~ (stealth).
 10116 | Lair:2   | 10116 ||| INVOKING Heroism.
 10122 | Lair:2   | 10122 ||| SWAPPING to +1 war axe of flaming.
 10125 | Lair:2   | Killed a two-headed hydra
 10126 | Lair:2   | 10126 ||| SWAPPING to +1 heavy war axe.
 10148 | Lair:2   | Reached ***** piety under Okawaru
 10151 | Lair:2   | Reached XP level 12. HP: 64/77 MP: 17/17
 10236 | Lair:2   | 10236 ||| INVOKING Heroism.
 10264 | Lair:2   | Noticed a five-headed hydra
 10264 | Lair:2   | Noticed a four-headed hydra
 10265 | Lair:2   | 10265 ||| INVOKING Finesse.
 10266 | Lair:2   | 10266 ||| Stepping ~*~*~tactically~*~*~ (stealth).
 10269 | Lair:2   | 10269 ||| Stepping ~*~*~tactically~*~*~ (stealth).
 10274 | Lair:2   | 10274 ||| SWAPPING to +1 war axe of flaming.
 10275 | Lair:2   | Killed a three-headed hydra
 10276 | Lair:2   | 10276 ||| SWAPPING to +1 heavy war axe.
 10277 | Lair:2   | 10277 ||| SWAPPING to +1 war axe of flaming.
 10281 | Lair:2   | Killed a one-headed hydra
 10282 | Lair:2   | 10282 ||| SWAPPING to +1 heavy war axe.
 10338 | Lair:2   | 10338 ||| Stepping ~*~*~tactically~*~*~ (stealth).
 10364 | Lair:2   | Found a staircase to the Swamp.
 10470 | Lair:2   | 10470 ||| INVOKING Heroism.
 10480 | Lair:2   | Reached skill level 9 in Invocations
 10555 | Lair:2   | 10555 ||| Stepping ~*~*~tactically~*~*~ (stealth).
 10581 | Lair:2   | Reached skill level 13 in Axes
 10637 | Lair:2   | Noticed a six-headed hydra
 10638 | Lair:2   | 10638 ||| INVOKING Heroism.
 10639 | Lair:2   | 10639 ||| INVOKING Finesse.
 10644 | Lair:2   | 10644 ||| SWAPPING to +1 war axe of flaming.
 10648 | Lair:2   | Killed a two-headed hydra
 10649 | Lair:2   | 10649 ||| SWAPPING to +1 heavy war axe.
 10828 | Lair:2   | Identified the +8 rapier "Sotorib" {flame, Int+2} (Okawaru
                  | gifted it to you on level 2 of the Lair of Beasts)
 10828 | Lair:2   | Received a gift from Okawaru
 10908 | Lair:2   | 10908 ||| Stepping ~*~*~tactically~*~*~ (stealth).
 11019 | Lair:2   | 11019 ||| INVOKING Heroism.
 11020 | Lair:2   | 11020 ||| INVOKING Finesse.
 11438 | Lair:3   | 11438 ||| INVOKING Heroism.
 11445 | Lair:3   | Reached XP level 13. HP: 82/82 MP: 18/20
 11451 | Lair:3   | Noticed Kirke
 11452 | Lair:3   | 11452 ||| INVOKING Finesse.
 11470 | Lair:3   | 11470 ||| STAIRDANCE
 11472 | Lair:2   | 11472 ||| DRINKING potion of cancellation.
 11474 | Lair:2   | Killed Kirke
 11475 | Lair:2   | Reached skill level 14 in Axes
 12278 | Lair:4   | 12278 ||| Stepping ~*~*~tactically~*~*~ (stealth).
 12279 | Lair:4   | 12279 ||| Stepping ~*~*~tactically~*~*~ (stealth).
 12280 | Lair:4   | 12280 ||| Stepping ~*~*~tactically~*~*~ (stealth).
 12281 | Lair:4   | 12281 ||| INVOKING Heroism.
 12291 | Lair:4   | HP: 18/82 [komodo dragon (20)]
 12292 | Lair:4   | 12292 ||| READING scroll of teleportation.
 12293 | Lair:4   | 12293 ||| DRINKING 2 potions of heal wounds.
 12429 | Lair:4   | 12429 ||| READING scroll of enchant armour.
 12429 | Lair:4   | 12429 ||| ENCHANTING +0 pair of boots.
 12447 | Lair:4   | 12447 ||| Stepping ~*~*~tactically~*~*~ (stealth).
 12453 | Lair:4   | 12453 ||| Stepping ~*~*~tactically~*~*~ (stealth).
 12483 | Lair:4   | 12483 ||| INVOKING Heroism.
 12594 | Lair:4   | 12594 ||| Stepping ~*~*~tactically~*~*~ (stealth).
 12598 | Lair:4   | 12598 ||| INVOKING Heroism.
 12605 | Lair:4   | Received a gift from Okawaru
 12606 | Lair:4   | 12606 ||| INVOKING Finesse.
 12614 | Lair:4   | 12614 ||| SWAPPING to +1 war axe of flaming.
 12618 | Lair:4   | 12618 ||| SWAPPING to +1 heavy war axe.
 12672 | Lair:4   | 12672 ||| Stepping ~*~*~tactically~*~*~ (stealth).
 12679 | Lair:4   | 12679 ||| Stepping ~*~*~tactically~*~*~ (stealth).
 12834 | Lair:4   | 12834 ||| Stepping ~*~*~tactically~*~*~ (stealth).
 12951 | Lair:4   | Identified the +1 flail of the Transmuting Gods {antimagic,
                  | rElec Str+2}
 12983 | Lair:4   | 12983 ||| Stepping ~*~*~tactically~*~*~ (stealth).
 12990 | Lair:4   | 12990 ||| Stepping ~*~*~tactically~*~*~ (stealth).
 13009 | Lair:4   | Reached skill level 15 in Axes
 13082 | Lair:4   | 13082 ||| INVOKING Heroism.
 13087 | Lair:4   | Received a gift from Okawaru
 13181 | Lair:4   | Reached skill level 9 in Armour
 13233 | Lair:4   | 13233 ||| Stepping ~*~*~tactically~*~*~ (stealth).
 13468 | Lair:4   | Found a viscous altar of Jiyva.
 13468 | Lair:4   | Found a staircase to the Slime Pits.
 13653 | Lair:4   | 13653 ||| INVOKING Heroism.
 13678 | Lair:4   | 13678 ||| READING 5 scrolls of identify.
 13678 | Lair:4   | 13678 ||| IDENTIFYING fizzy white potion
 13704 | Lair:5   | Entered Level 5 of the Lair of Beasts
 13707 | Lair:5   | 13707 ||| INVOKING Heroism.
 13708 | Lair:5   | 13708 ||| INVOKING Finesse.
 13716 | Lair:5   | Reached skill level 3 in Dodging
 13731 | Lair:5   | Mutation became permanent: Your large and strong wings let
                  | you fly. [Gargoyle growth]
 13731 | Lair:5   | Gained mutation: Your large and strong wings let you fly.
                  | [Gargoyle growth]
 13731 | Lair:5   | Reached XP level 14. HP: 82/91 MP: 15/21
 13853 | Lair:5   | 13853 ||| INVOKING Heroism.
 13857 | Lair:5   | HP: 18/91 [polar bear (11)]
 13858 | Lair:5   | 13858 ||| DRINKING potion of heal wounds.
 13860 | Lair:5   | Reached skill level 12 in Fighting
 14246 | Lair:5   | 14246 ||| Stepping ~*~*~tactically~*~*~ (hiding).
 14250 | Lair:5   | 14250 ||| Stepping ~*~*~tactically~*~*~ (hiding).
 14301 | Lair:5   | 14301 ||| Stepping ~*~*~tactically~*~*~ (stealth).
 14335 | Lair:5   | 14335 ||| Stepping ~*~*~tactically~*~*~ (stealth).
 14341 | Lair:5   | 14341 ||| INVOKING Heroism.
 14342 | Lair:5   | 14342 ||| INVOKING Finesse.
 14346 | Lair:5   | 14346 ||| SWAPPING to +1 war axe of flaming.
 14354 | Lair:5   | 14354 ||| SWAPPING to +1 heavy war axe.
 14488 | Lair:5   | 14488 ||| Stepping ~*~*~tactically~*~*~ (hiding).
 14496 | Lair:5   | Received a gift from Okawaru
 14603 | Lair:5   | Found a burning altar of Makhleb.
 14605 | Lair:5   | 14605 ||| INVOKING Heroism.
 14606 | Lair:5   | 14606 ||| INVOKING Finesse.
 14790 | Lair:5   | Found a gateway to Hell.
 14888 | Lair:5   | 14888 ||| Stepping ~*~*~tactically~*~*~ (stealth).
 14889 | Lair:5   | 14889 ||| Stepping ~*~*~tactically~*~*~ (stealth).
 14890 | Lair:5   | 14890 ||| Stepping ~*~*~tactically~*~*~ (stealth).
 14891 | Lair:5   | 14891 ||| Stepping ~*~*~tactically~*~*~ (stealth).
 14893 | Lair:5   | 14893 ||| INVOKING Heroism.
 14894 | Lair:5   | 14894 ||| SWAPPING to +1 war axe of flaming.
 14904 | Lair:5   | 14904 ||| SWAPPING to +1 heavy war axe.
 14982 | Lair:5   | 14982 ||| DROPPING +0 heavy war axe.
 14990 | Lair:5   | Reached skill level 6 in Throwing
 15100 | Lair:5   | 15100 ||| Stepping ~*~*~tactically~*~*~ (stealth).
 15107 | Lair:5   | 15107 ||| INVOKING Heroism.
 15109 | Lair:5   | 15109 ||| INVOKING Finesse.
 15115 | Lair:5   | 15115 ||| SWAPPING to +1 war axe of flaming.
 15117 | Lair:5   | 15117 ||| SWAPPING to +1 heavy war axe.
 15399 | Lair:5   | 15399 ||| Stepping ~*~*~tactically~*~*~ (hiding).
 15624 | Lair:5   | 15624 ||| PLANNING D:1-11
 15624 | Lair:5   | 15624 ||| UPGRADING to +0 chain mail.
 15634 | Lair:5   | 15634 ||| READING 5 scrolls of identify.
 15634 | Lair:5   | 15634 ||| IDENTIFYING fuming sapphire potion
 15759 | D:9      | 15759 ||| STAIRDANCE
 15877 | D:9      | 15877 ||| INVOKING Heroism.
 16039 | D:9      | Noticed Harold
 16040 | D:9      | 16040 ||| Stepping ~*~*~tactically~*~*~ (hiding).
 16054 | D:9      | Killed Harold
 16347 | D:9      | 16347 ||| Stepping ~*~*~tactically~*~*~ (stealth).
 16369 | D:9      | 16369 ||| Stepping ~*~*~tactically~*~*~ (stealth).
 16372 | D:9      | 16372 ||| Stepping ~*~*~tactically~*~*~ (hiding).
 16596 | D:9      | 16596 ||| SWAPPING to +0 broad axe.
 16597 | D:9      | 16597 ||| DROPPING +1 heavy war axe.
 16631 | D:9      | 16631 ||| READING scroll of enchant armour.
 16631 | D:9      | 16631 ||| ENCHANTING +1 pair of boots.
 16674 | D:9      | 16674 ||| DROPPING +0 chain mail "Gaumymul" {Fly rElec rC-
                  | rN+}.
 16675 | D:9      | 16675 ||| UPGRADING to +2 chain mail of cold resistance.
 16685 | D:9      | 16685 ||| DROPPING +0 chain mail.
 16686 | D:9      | 16686 ||| UPGRADING to ring of see invisible.
 16688 | D:9      | 16688 ||| READING scroll labelled XIKKAO ZOBBO.
 16708 | D:10     | Entered Level 10 of the Dungeon
 16718 | D:10     | 16718 ||| READING scroll of brand weapon.
 16718 | D:10     | 16718 ||| BRANDING +0 broad axe.
 16745 | D:10     | Found Noaruite's Distillery.
 16755 | D:10     | Reached skill level 16 in Axes
 16760 | D:10     | 16760 ||| BUYING potion of attraction (42 gold).
 16760 | D:10     | Bought a potion of attraction for 42 gold pieces
 16760 | D:10     | 16760 ||| BUYING potion of attraction (42 gold).
 16760 | D:10     | Bought a potion of attraction for 42 gold pieces
 16760 | D:10     | 16760 ||| BUYING potion of curing (42 gold).
 16760 | D:10     | Bought a potion of curing for 42 gold pieces
 16760 | D:10     | 16760 ||| BUYING potion of haste (140 gold).
 16760 | D:10     | Bought a potion of haste for 140 gold pieces
 16760 | D:10     | 16760 ||| BUYING potion of might (56 gold).
 16760 | D:10     | Bought a potion of might for 56 gold pieces
 16760 | D:10     | 16760 ||| BUYING potion of mutation (112 gold).
 16760 | D:10     | Bought a potion of mutation for 112 gold pieces
 16760 | D:10     | 16760 ||| BUYING potion of mutation (112 gold).
 16760 | D:10     | Bought a potion of mutation for 112 gold pieces
 16768 | D:10     | 16768 ||| Stepping ~*~*~tactically~*~*~ (stealth).
 16772 | D:10     | 16772 ||| DRINKING 5 potions of curing.
 16772 | D:10     | 16772 ||| (to cure confusion)
 16818 | D:10     | 16818 ||| Stepping ~*~*~tactically~*~*~ (stealth).
 16849 | D:10     | Noticed Lodul
 16856 | D:10     | Killed Lodul
 16862 | D:10     | 16862 ||| INVOKING Heroism.
 17289 | D:10     | 17289 ||| READING scroll of brand weapon.
 17289 | D:10     | 17289 ||| BRANDING +0 broad axe of venom.
 17329 | D:10     | 17329 ||| FLEEEEING.
 17330 | D:10     | 17330 ||| FLEEEEING.
 17334 | D:10     | 17334 ||| FLEEEEING.
 17335 | D:10     | 17335 ||| STAIRDANCE
 17437 | D:9      | 17437 ||| READING scroll labelled ANGEWU LIAMU.
 17467 | D:10     | Received a gift from Okawaru
 17837 | D:10     | 17837 ||| READING scroll labelled SAUVVU GA DAXTEOM.
 17859 | D:11     | Found Daokinlimn's Antique Armour Boutique.
 17876 | D:11     | 17876 ||| BUYING faintly glowing scale mail (189 gold).
 17876 | D:11     | Bought a faintly glowing scale mail for 189 gold pieces
 17876 | D:11     | Identified the +5 scale mail of Fashionability {rElec rC+
                  | Dex+2} (You bought it in a shop on level 11 of the Dungeon)
 17964 | D:11     | 17964 ||| READING scroll of enchant weapon.
 17964 | D:11     | 17964 ||| ENCHANTING +0 heavy broad axe.
 18080 | D:11     | 18080 ||| Stepping ~*~*~tactically~*~*~ (hiding).
 18082 | D:11     | 18082 ||| Stepping ~*~*~tactically~*~*~ (hiding).
 18210 | D:11     | 18210 ||| Stepping ~*~*~tactically~*~*~ (stealth).
 18304 | D:11     | 18304 ||| Stepping ~*~*~tactically~*~*~ (hiding).
 18385 | D:11     | Reached XP level 15. HP: 89/96 MP: 22/22
 18704 | D:11     | Noticed Psyche
 18706 | D:11     | 18706 ||| DRINKING potion of cancellation.
 18709 | D:11     | Killed Psyche
 18766 | D:11     | 18766 ||| PLANNING D
 18766 | D:11     | 18766 ||| DROPPING +5 scale mail of Fashionability {rElec
                  | rC+ Dex+2}.
 18833 | D:12     | 18833 ||| INVOKING Heroism.
 18963 | D:12     | 18963 ||| Stepping ~*~*~tactically~*~*~ (stealth).
 18967 | D:12     | 18967 ||| Stepping ~*~*~tactically~*~*~ (hiding).
 19120 | D:12     | Noticed Maurice
 19131 | D:12     | Killed Maurice
 19316 | D:12     | Found Itaaph's Weapon Shoppe.
 19316 | D:12     | Found a staircase to the Orcish Mines.
 19318 | D:12     | Found Deiloxt's Armour Shoppe.
 19319 | D:12     | 19319 ||| Stepping ~*~*~tactically~*~*~ (stealth).
 19332 | D:12     | 19332 ||| INVOKING Heroism.
 19434 | D:12     | 19434 ||| BUYING +0 plate armour of positive energy (324
                  | gold).
 19434 | D:12     | Bought a +0 plate armour of positive energy for 324 gold
                  | pieces
 19434 | D:12     | 19434 ||| SHOPLISTING +2 shadow dragon scales (1104 gold,
                  | have 653).
 19679 | D:12     | 19679 ||| INVOKING Heroism.
 19682 | D:12     | Reached skill level 17 in Axes
 19863 | D:12     | 19863 ||| DROPPING +0 plate armour.
 20010 | D:13     | 20010 ||| Stepping ~*~*~tactically~*~*~ (stealth).
 20019 | D:13     | 20019 ||| INVOKING Heroism.
 20027 | D:13     | HP: 21/96 [yaktaur (4)]
 20027 | D:13     | HP: 8/96 [vault guard/+0 long sword (13)]
 20028 | D:13     | 20028 ||| READING scroll of teleportation.
 20029 | D:13     | 20029 ||| DRINKING 2 potions of heal wounds.
 20156 | D:13     | 20156 ||| Stepping ~*~*~tactically~*~*~ (stealth).
 20157 | D:13     | 20157 ||| Stepping ~*~*~tactically~*~*~ (stealth).
 20173 | D:13     | 20173 ||| Stepping ~*~*~tactically~*~*~ (stealth).
 20187 | D:13     | 20187 ||| Stepping ~*~*~tactically~*~*~ (hiding).
 20199 | D:13     | 20199 ||| INVOKING Heroism.
 20238 | D:13     | 20238 ||| Stepping ~*~*~tactically~*~*~ (stealth).
 20293 | D:13     | 20293 ||| Stepping ~*~*~tactically~*~*~ (stealth).
 20433 | D:13     | Noticed Josephine
 20434 | D:13     | 20434 ||| Stepping ~*~*~tactically~*~*~ (stealth).
 20436 | D:13     | 20436 ||| Stepping ~*~*~tactically~*~*~ (hiding).
 20448 | D:13     | Killed Josephine
 20472 | D:13     | 20472 ||| FLEEEEING.
 20473 | D:13     | 20473 ||| FLEEEEING.
 20474 | D:13     | 20474 ||| FLEEEEING.
 20475 | D:13     | 20475 ||| FLEEEEING.
 20476 | D:13     | 20476 ||| FLEEEEING.
 20477 | D:13     | 20477 ||| FLEEEEING.
 20478 | D:13     | 20478 ||| FLEEEEING.
 20479 | D:13     | 20479 ||| FLEEEEING.
 20480 | D:13     | 20480 ||| FLEEEEING.
 20481 | D:13     | 20481 ||| FLEEEEING.
 20482 | D:13     | 20482 ||| FLEEEEING.
 20483 | D:13     | 20483 ||| FLEEEEING.
 20484 | D:13     | 20484 ||| FLEEEEING.
 20485 | D:13     | 20485 ||| FLEEEEING.
 20486 | D:13     | 20486 ||| FLEEEEING.
 20487 | D:13     | 20487 ||| FLEEEEING.
 20488 | D:13     | 20488 ||| FLEEEEING.
 20489 | D:13     | 20489 ||| FLEEEEING.
 20546 | D:13     | 20546 ||| INVOKING Heroism.
 20572 | D:13     | 20572 ||| Stepping ~*~*~tactically~*~*~ (hiding).
 20576 | D:13     | 20576 ||| Stepping ~*~*~tactically~*~*~ (hiding).
 20577 | D:13     | 20577 ||| Stepping ~*~*~tactically~*~*~ (hiding).
 20578 | D:13     | 20578 ||| Stepping ~*~*~tactically~*~*~ (hiding).
 20583 | D:13     | Paralysed by an ogre mage for 2 turns
 20621 | D:13     | Found a gate to the Vaults.
 20900 | D:13     | Noticed Urug
 20901 | D:13     | 20901 ||| INVOKING Heroism.
 20902 | D:13     | 20902 ||| INVOKING Finesse.
 20909 | D:13     | Killed Urug
 20978 | D:13     | 20978 ||| Stepping ~*~*~tactically~*~*~ (stealth).
 20988 | D:13     | 20988 ||| INVOKING Heroism.
 20992 | D:13     | Received a gift from Okawaru
 21090 | D:13     | 21090 ||| DRINKING 2 fuming black potions.
 21091 | D:13     | 21091 ||| DROPPING potion of invisibility.
 21196 | D:14     | 21196 ||| Stepping ~*~*~tactically~*~*~ (hiding).
 21339 | D:14     | 21339 ||| READING scroll of enchant weapon.
 21339 | D:14     | 21339 ||| ENCHANTING +1 heavy broad axe.
 21405 | D:14     | Found a hide-covered altar of Uskayaw.
 21559 | D:14     | 21559 ||| INVOKING Heroism.
 21562 | D:14     | Received a gift from Okawaru
 21615 | D:14     | 21615 ||| Stepping ~*~*~tactically~*~*~ (hiding).
 21616 | D:14     | 21616 ||| Stepping ~*~*~tactically~*~*~ (hiding).
 21800 | D:14     | 21800 ||| Stepping ~*~*~tactically~*~*~ (hiding).
 21801 | D:14     | 21801 ||| Stepping ~*~*~tactically~*~*~ (hiding).
 22017 | D:14     | Found a sacrificial altar of Ru.
 22157 | D:14     | 22157 ||| READING scroll labelled CONOTWE ALAARO.
 22243 | D:15     | Entered Level 15 of the Dungeon
 22409 | D:15     | 22409 ||| Stepping ~*~*~tactically~*~*~ (hiding).
 22411 | D:15     | 22411 ||| Stepping ~*~*~tactically~*~*~ (hiding).
 22413 | D:15     | 22413 ||| Stepping ~*~*~tactically~*~*~ (hiding).
 22421 | D:15     | 22421 ||| INVOKING Heroism.
 22431 | D:15     | Received a gift from Okawaru
 22695 | D:15     | 22695 ||| Stepping ~*~*~tactically~*~*~ (hiding).
 22696 | D:15     | 22696 ||| INVOKING Heroism.
 22761 | D:15     | 22761 ||| INVOKING Heroism.
 22869 | D:15     | 22869 ||| INVOKING Heroism.
 22959 | D:15     | Found a staircase to the Depths.
 23081 | D:15     | Reached skill level 18 in Axes
 23316 | D:15     | 23316 ||| PLANNING ORC
 23316 | D:15     | 23316 ||| READING 8 scrolls of identify.
 23316 | D:15     | 23316 ||| IDENTIFYING murky grey potion
 23317 | D:15     | 23317 ||| DROPPING potion of berserk rage.
 23395 | Orc:1    | Entered Level 1 of the Orcish Mines
 23476 | Orc:1    | 23476 ||| Stepping ~*~*~tactically~*~*~ (hiding).
 23481 | Orc:1    | 23481 ||| Stepping ~*~*~tactically~*~*~ (hiding).
 23491 | Orc:1    | 23491 ||| Stepping ~*~*~tactically~*~*~ (hiding).
 23492 | Orc:1    | 23492 ||| FLEEEEING.
 23493 | Orc:1    | 23493 ||| FLEEEEING.
 23494 | Orc:1    | 23494 ||| Stepping ~*~*~tactically~*~*~ (hiding).
 23749 | Orc:2    | Entered Level 2 of the Orcish Mines
 23750 | Orc:2    | 23750 ||| INVOKING Heroism.
 23761 | Orc:2    | HP: 22/98 [orc warrior/+0 halberd (22)]
 23762 | Orc:2    | 23762 ||| DRINKING 2 potions of heal wounds.
 23766 | Orc:2    | 23766 ||| DRINKING potion of heal wounds.
 23766 | Orc:2    | HP: 22/98 [orc warrior/+0 dire flail (5)]
 23766 | Orc:2    | HP: 8/98 [two-headed ogre/+0 dire flail (12)]
 23767 | Orc:2    | Mangled by an orc warrior

Levels and vault maps discovered:
D:1:      ebering_trefoil_3fold, layout_loops_ring, serial_shops,
          nicolae_shop_hallway_stairs, grunt_decor_mini_mirrors
D:2:      layout_basic, dreamdust_ecumenical_altar_grove
D:3:      layout_rooms, serial_curves, eino_curves_01, eino_curves_01,
          minmay_liquid_box, amethyst_killhole, corexii_corridor_pit
D:4:      minmay_evil_eye, layout_loops_corners
D:5:      minmay_diamond_boxcup, layout_loops_ring,
          gammafunk_temple_overflow_wave, xom_teletrap_fun,
          minmay_temple_entry_grid, nicolae_letterblocks
          [nicolae_letter_subblock, nicolae_letter_subblock,
          nicolae_letter_subblock, nicolae_letter_subblock,
          nicolae_letter_subblock, nicolae_letter_subblock,
          nicolae_letter_subblock, nicolae_letter_subblock,
          nicolae_letter_subblock, nicolae_letter_subblock,
          nicolae_letter_subblock, nicolae_letter_subblock,
          nicolae_letter_subblock, nicolae_letter_subblock,
          nicolae_letter_subblock, nicolae_letter_subblock,
          nicolae_letter_subblock, nicolae_letter_subblock,
          nicolae_letter_subblock, nicolae_letter_subblock,
          nicolae_letter_subblock, nicolae_letter_subblock,
          nicolae_letter_subblock, nicolae_letter_subblock,
          nicolae_letter_subblock]
D:6:      layout_loops_ring, hangedman_abyss_or_decor_stabs,
          minmay_fire_ice_demons, uniq_sigmund, uniq_duvessa
D:7:      layout_loops_cross, makhleb_altar_promises_db, serial_shops, shop,
          lightli_ossuary_entry_decrepit_ruins, uniq_maggie
D:8:      layout_loops_ring, kennysheep_slug_shrine, david_lair_shrubbed,
          uniq_pikel, uniq_joseph
D:9:      layout_rooms, uniq_harold
D:10:     layout_gridville, serial_shops, shop_fountains,
          kennysheep_generic_room_13, uniq_lodul
D:11:     layout_loops_ring, serial_shops, nicolae_stop_n_shop_2, uniq_psyche
D:12:     layout_irregular_city, orc_david_3, uniq_maurice
D:13:     layout_gridville, grunt_vaults_entry_fortified, uniq_josephine,
          uniq_urug
D:14:     layout_stronghold, nicolae_ru_the_path_less_chosen,
          nicolae_uskayaw_murder_on_the_dancefloor
D:15:     gammafunk_enter_depths_forms, layout_grid_maze, nrook_mini_vaults
Temple:   minmay_crystal_spiral_temple
Lair:1:   layout_big_grid, minivault_23, pdpol_lair_cabin_in_the_woods,
          uniq_fannar
Lair:2:   layout_chaotic_city, palyth_hydra_swamp_entry,
          guppyfry_snake_entry_garden, nicolae_volcano_entry_batcave,
          dreamdust_gnoll_shepherd, grunt_megastairs_1,
          infiniplex_staircase_pool_2, lemuel_fruit_tree, serial_bayou_shore_b
Lair:3:   layout_regular_city, cheibrodos_lair_caveside_slide, uniq_kirke
Lair:4:   layout_regular_city, dpeg_slime_entry_enclosed, grunt_megastairs_4
Lair:5:   evil_forest, layout_cave_pods
Orc:1:    layout_caves
Orc:2:    st_orc_ogre_mass, layout_caves

Skill      XL: |  1  2  3  4  5  6  7  8  9 10 11 12 13 14 15 |
---------------+----------------------------------------------+-----
Axes           | 2 3 4 5 6 7 8 9 11 12 13 15 16 18 | 18.0
Fighting       | 4 5 6 7 9 10 11 12 13 | 13.0
Dodging        | 1 2 3 |  3.2
Armour         | 5 6 7 8 9 10 | 10.0
Invocations    | 3 4 7 10 | 10.0
Shields        | 4 5 6 7 8 |  8.7
Throwing       | 3 7 |  7.0

Action                     |  1- 3 |  4- 6 |  7- 9 | 10-12 | 13-15 || total
---------------------------+-------+-------+-------+-------+-------++-------
  Melee: War axe           |   100 |   161 |   328 |   268 |   335 ||  1192
         Flail             |       |       |       |     6 |       ||     6
         Broad axe         |       |       |       |       |   377 ||   377
  Throw: Boomerang         |       |    27 |     8 |    81 |   111 ||   227
         Javelin           |       |       |       |       |    89 ||    89
 Invoke: Heroism           |       |       |    10 |    19 |    27 ||    56
         Finesse           |       |       |       |     3 |     7 ||    10
    Use: Scroll            |     2 |    10 |     9 |     4 |    15 ||    40
         Potion            |       |     1 |     3 |       |     9 ||    13
   Stab: Distracted        |       |       |     1 |       |       ||     1
 Armour: Scale mail        |    46 |    22 |       |       |       ||    68
         Chain mail        |       |    70 |   207 |   167 |   525 ||   969
  Dodge: Dodged            |    46 |    72 |   118 |   111 |   312 ||   659
         Repelled          |       |       |       |     2 |     5 ||     7
  Block: Buckler           |    21 |    32 |    57 |    66 |   192 ||   368

Table legend:
 A = Non-vault XP
 B = Vault XP
 C = Vault XP percentage of total XP
 D = Non-vault monster count
 E = Vault monster count
 F = Vault count percentage of total count
                 A         B        C        D         E       F
            +---------+---------+-------+---------+---------+-------
      Total |   86306 |   41647 |  32.5 |     432 |     129 |  23.0
            +---------+---------+-------+---------+---------+-------
        D:1 |      52 |       0 |   0.0 |      27 |       0 |   0.0
        D:2 |      57 |       0 |   0.0 |      18 |       0 |   0.0
        D:3 |      79 |       0 |   0.0 |      16 |       0 |   0.0
        D:4 |     289 |       2 |   0.7 |      19 |       1 |   5.0
        D:5 |     346 |     337 |  49.3 |      17 |       9 |  34.6
        D:6 |     673 |     490 |  42.1 |      18 |       5 |  21.7
        D:7 |    1158 |     365 |  24.0 |      25 |       1 |   3.8
        D:8 |     903 |    1469 |  61.9 |      11 |       4 |  26.7
        D:9 |    2518 |     878 |  25.9 |      25 |       1 |   3.8
       D:10 |    5288 |    2099 |  28.4 |      23 |      10 |  30.3
       D:11 |    5206 |     371 |   6.7 |      18 |       1 |   5.3
       D:12 |    5063 |    1011 |  16.6 |      19 |       8 |  29.6
       D:13 |    3702 |    8404 |  69.4 |      10 |      15 |  60.0
       D:14 |    6423 |       0 |   0.0 |      12 |       0 |   0.0
       D:15 |    6243 |    5514 |  46.9 |      13 |      10 |  43.5
     Lair:1 |    5793 |    2073 |  26.4 |      24 |       4 |  14.3
     Lair:2 |   11071 |    7567 |  40.6 |      37 |      26 |  41.3
     Lair:3 |    2611 |     581 |  18.2 |      10 |       3 |  23.1
     Lair:4 |   14041 |    1169 |   7.7 |      38 |       5 |  11.6
     Lair:5 |   11337 |    9317 |  45.1 |      24 |      26 |  52.0
      Orc:1 |    1127 |       0 |   0.0 |      14 |       0 |   0.0
      Orc:2 |    2326 |       0 |   0.0 |      14 |       0 |   0.0
            +---------+---------+-------+---------+---------+-------
